 Dungeon Crawl Stone Soup version 0.21-a0-552-g593960d (webtiles) character file.

1669 Atlas the Magician (level 8, -1/57 HPs)
             Began as a Mummy Fire Elementalist on Dec 17, 2017.
             Slain by a centaur (8 damage)
             ... on level 6 of the Dungeon.
             The game lasted 00:18:17 (6371 turns).

Atlas the Magician (Mummy Fire Elementalist)        Turns: 6371, Time: 00:18:18

Health: -1/57      AC:  5    Str: 11    XL:     8   Next: 69%
Magic:  3/18       EV: 13    Int: 16    God:
Gold:   283        SH:  0    Dex: 13    Spells: 11/21 levels left

rFire    x . .     SeeInvis .   i - +1 dagger (speed)
rCold    + . .     Gourm    .   (no shield)
rNeg     + + +     Faith    .   k - +0 leather armour
rPois    ∞         Spirit   .   e - +1 helmet
rElec    .         Reflect  .   (no cloak)
rCorr    .         Harm     .   (no gloves)
MR       +....                  (no boots)
Stlth    ++........             d - amulet of regeneration
HPRegen  0.59/turn              g - ring of flight
MPRegen  0.16/turn              (no ring)

@: very slightly contaminated
A: no food or potions, fire vulnerability, cold resistance 1, negative energy
resistance 3, torment resistance, unbreathing
a: Evoke Flight


You were on level 6 of the Dungeon.
You were not hungry.

You visited 1 branch of the dungeon, and saw 6 of its levels.
You also visited: Sewer.

You collected 283 gold pieces.

Inventory:

Hand Weapons
 i - a +1 dagger of speed (weapon)
Armour
 a - a +0 robe
 e - a +1 helmet (worn)
 k - a +0 leather armour (worn)
Jewellery
 d - an amulet of regeneration (around neck)
 g - a ring of flight (left hand)
Wands
 m - a wand of polymorph (11)
 q - a wand of digging (11)
Scrolls
 c - 2 scrolls of enchant armour
 f - 3 scrolls of remove curse
 h - 2 scrolls of fog {unknown}
 j - 3 scrolls of enchant weapon
 l - 4 scrolls of fear {unknown}
 n - 3 scrolls of blinking
 o - a scroll of noise {unknown}
 p - a scroll of brand weapon {unknown}
Potions
 r - 2 potions of might {unknown}
Books
 b - a book of Flames

   Spells                             Type                      Level
   a - Flame Tongue                   Conjuration/Fire             1
   b - Throw Flame                    Conjuration/Fire             2
   c - Conjure Flame                  Conjuration/Fire             3
   d - Inner Flame                    Hexes/Fire                   3
   e - Sticky Flame                   Conjuration/Fire             4
   f - Fireball                       Conjuration/Fire             5


   Skills:
 + Level 2.7 Fighting
 + Level 1.5 Short Blades
 + Level 2.8 Armour
 + Level 3.2 Dodging
 - Level 1.5 Stealth
 + Level 7.2 Spellcasting
 + Level 3.9 Conjurations
 + Level 4.9 Fire Magic


You had 11 spell levels left.
You knew the following spells:

 Your Spells              Type           Power        Failure   Level  Hunger
a - Flame Tongue          Conj/Fire      ###..        2%          1    N/A
b - Throw Flame           Conj/Fire      ###...       3%          2    N/A
c - Conjure Flame         Conj/Fire      ###.....     8%          3    N/A
d - Sticky Flame          Conj/Fire      ###.....     24%         4    N/A

Dungeon Overview and Level Annotations

Branches:
Dungeon (6/15)
 Temple: D:4-7

Altars:
Cheibriados
Elyvilon
Gozag
Yredelemnul
The Shining One

Annotations:
D:5 1 runed door


Innate Abilities, Weirdness & Mutations

You do not eat or drink.
Your flesh is vulnerable to fire.
You are immune to poison.
Your flesh is cold resistant. (rC+)
You are immune to negative energy. (rN+++)
You are immune to unholy pain and torment.
You can survive without breathing.


Message History

Aiming: Sticky Flame
Press: ? - help, Shift-Dir - straight line, f - centaur, p - centaur
Aim: a centaur The sticky flame hits the centaur.
The centaur is moderately wounded.
The centaur is covered in liquid flames!
The centaur burns!
The centaur misses you. The centaur closely misses you. The centaur hits you.
* * * LOW HITPOINT WARNING * * *
The centaur barely misses you.
Casting: Sticky Flame
Confirm with . or Enter, or press ? or * to list all spells.
Aiming: Sticky Flame
Press: ? - help, Shift-Dir - straight line, f - centaur, p - centaur
Aim: a centaur (lightly wounded)
The sticky flame hits the centaur.
The centaur is moderately wounded.
The centaur is covered in liquid flames!
The centaur burns! x2; The centaur hits you!
You die...

##. #........##. ...
#...# #.##........ ...
###.#..##.###....#..
#... ...##.....###..##..
#........##.....##.###..
#....##......##....# ...
.............##....# ...
......cc(#.........#..##
.##..##@(.(....###...# #
#..#.....# #....#
#.##.##..# .#.....
#.#.###..# # ##..# #.###
.#..# ##. .## ###### #


You could see 2 centaurs.

Vanquished Creatures
  Sigmund (D:4)
  A soldier ant (D:5)
  A sky beast (D:5)
  A phantom (D:5)
  2 bullfrogs (Sewer)
  2 scorpions (D:5)
  A killer bee (D:5)
  3 jellies (D:3)
  A centaur zombie (D:4)
  3 hounds
  A bullfrog zombie (D:4)
  A centaur skeleton (D:4)
  An orc priest (D:3)
  3 orc wizards
  9 worker ants
  A hound zombie (D:4)
  Robin (D:2)
  A howler monkey zombie (D:4)
  6 adders
  5 river rats (Sewer)
  11 oozes
  3 adder skeletons (D:4)
  3 worms
  A dart slug (D:1)
  4 leopard geckos
  10 orcs
  12 ball pythons
  11 bats
  5 giant cockroaches
  11 goblins
  12 hobgoblins
  5 jackals
  A quokka (D:6)
  9 frilled lizards
  A jackal zombie (D:4)
  15 kobolds
  A quokka skeleton (D:5)
  33 rats
  A butterfly (D:5)
194 creatures vanquished.

Vanquished Creatures (others)
  A quokka (D:3)
  3 fungi (D:3)
  10 toadstools (D:3)
14 creatures vanquished.

Grand Total: 208 creatures vanquished

Notes
Turn   | Place    | Note
-------+----------+-------------------------------------------
     0 | D:1      | Atlas the Mummy Fire Elementalist began the quest for the Orb.
     0 | D:1      | Reached XP level 1. HP: 13/13 MP: 4/4
   151 | D:1      | Reached skill level 3 in Spellcasting
   202 | D:1      | Reached XP level 2. HP: 19/19 MP: 3/6
  1048 | D:1      | Reached XP level 3. HP: 25/25 MP: 3/7
  1294 | D:2      | Noticed Robin
  1297 | D:2      | Reached skill level 1 in Conjurations
  1497 | D:2      | Killed Robin
  1755 | D:2      | Found a faded altar of an unknown god.
  2174 | D:2      | Reached XP level 4. HP: 31/31 MP: 7/9
  2380 | D:3      | Learned a level 2 spell: Throw Flame
  2384 | D:3      | Learned a level 3 spell: Conjure Flame
  2389 | D:3      | Learned a level 4 spell: Sticky Flame
  2609 | D:3      | Reached skill level 4 in Spellcasting
  2702 | D:3      | Reached XP level 5. HP: 36/36 MP: 2/11
  2716 | D:3      | Reached skill level 1 in Armour
  3000 | D:3      | Reached skill level 1 in Fighting
  3057 | D:3      | Reached XP level 6. HP: 43/43 MP: 1/13
  3280 | D:3      | Found a white marble altar of Elyvilon.
  3448 | D:3      | Found a glowing golden altar of the Shining One.
  3453 | D:3      | Found a basalt altar of Yredelemnul.
  3722 | D:3      | Noticed an angel
  3765 | D:4      | Reached skill level 5 in Spellcasting
  4064 | D:4      | Noticed Sigmund
  4071 | D:4      | Killed Sigmund
  4071 | D:4      | Reached XP level 7. HP: 43/49 MP: 5/15
  4123 | D:4      | Found an opulent altar of Gozag.
  4363 | D:4      | Found a snail-covered altar of Cheibriados.
  4484 | D:5      | Entered Level 5 of the Dungeon
  4575 | D:5      | Reached skill level 6 in Spellcasting
  4598 | D:5      | Found a glowing drain.
  4619 | Sewer    | Entered a sewer
  5024 | Sewer    | Reached skill level 1 in Short Blades
  5025 | Sewer    | Reached XP level 8. HP: 24/56 MP: 12/17
  5361 | D:5      | Found a runed door.
  5374 | D:5      | Found a runed door.
  5787 | D:5      | Reached skill level 7 in Spellcasting
  6371 | D:6      | Slain by a centaur

Vault maps used:
D:1:      grunt_arrival_crossed_arrows
D:2:      chequers_ecumenical_altar_island, uniq_robin
D:3:      cheibrodos_fertilizer, grunt_temple_overflow_holy_war,
          elyvilon_altar_4
D:4:      cheibriados_altar_1, overflow_temple_1_default, serial_undead,
          serial_undead_c, serial_undead_a, serial_undead_e, serial_undead_c,
          serial_undead_e, uniq_sigmund
D:5:      lemuel_insect_pit, portal_sewer_entry_b, first_bread
D:6:      minmay_temple_entry_junction_2, serial_shops, kennysheep_mini
Sewer:    sewer_minmay_w

Skill      XL: |  1  2  3  4  5  6  7  8 |
---------------+-------------------------+-----
Spellcasting   | 3 4 5 6 7 |  7.2
Fire Magic     | 3 4 |  4.9
Conjurations   | 1 2 3 |  3.9
Armour         | 1 2 |  2.8
Dodging        | 2 3 |  3.2
Fighting       | 1 2 |  2.7
Short Blades   | 1 |  1.5
Stealth        | |  1.5

Action                   |  1- 3 |  4- 6 |  7- 9 || total
-------------------------+-------+-------+-------++-------
Melee: Unarmed           |    36 |    34 |       ||    70
       Dagger            |       |    35 |   134 ||   169
 Cast: Flame Tongue      |    93 |   123 |   166 ||   382
       Conjure Flame     |       |     1 |     2 ||     3
       Sticky Flame      |       |     1 |     4 ||     5
  Use: Scroll            |     4 |       |     3 ||     7
 Stab: Sleeping          |       |     1 |     1 ||     2
Armor: Robe              |    12 |       |       ||    12
       Leather armour    |    26 |    35 |    48 ||   109
Dodge: Dodged            |    85 |   100 |   134 ||   319

Table legend:
 A = Spawn XP
 B = Non-spawn XP
 C = Spawn XP percentage of total XP
 D = Spawn monster count
 E = Non-spawn monster count
 F = Spawn count percentage of total count
 G = Total turns spent on level
                    A         B        C        D         E        F      G
               +---------+---------+-------+---------+---------+-------+---------
         Total |       0 |    2385 |   0.0 |       0 |     193 |   0.0 |  6371
               +---------+---------+-------+---------+---------+-------+---------
           D:1 |       0 |      46 |   0.0 |       0 |      26 |   0.0 |  1367
           D:2 |       0 |      56 |   0.0 |       0 |      23 |   0.0 |  1001
           D:3 |       0 |     377 |   0.0 |       0 |      42 |   0.0 |  1387
           D:4 |       0 |     500 |   0.0 |       0 |      16 |   0.0 |   729
           D:5 |       0 |    1015 |   0.0 |       0 |      34 |   0.0 |  1136
           D:6 |       0 |      39 |   0.0 |       0 |       4 |   0.0 |   223
         Sewer |       0 |     352 |   0.0 |       0 |      48 |   0.0 |   528
               +---------+---------+-------+---------+---------+-------+---------
